Map: Acropolis LE

Players

ShoWTimE

  • Race: Protoss Protoss
  • League: Grandmaster
  • Spawn Location: 5:00

llllllllllll (Oliveira) - Winner!

  • Race: Terran Terran
  • League: Master
  • Spawn Location: 11:00

Event: 2019 Assembly Summer

VOD

Have the link to the VOD?

Description

Time

  • Played on: Aug. 2, 2019, 7:44 a.m.
  • Length: 8:32

All games in this series

Show
View Real Time Build Order
Export as new Build Order

ShoWTimE Protoss 

Build Orders: 1 Gate Expand, Phoenix Opening, Blink Stalkers 

Get SALT Encoding   

  12  0:00  Probe  
  13  0:12  Probe  
  14  0:18  Pylon  
  14  0:24  Probe  
  15  0:32  Probe  
  15  0:38  Gateway  
  15  0:40  Probe  
  16  0:47  Assimilator  
  17  0:51  Probe  
  18  1:03  Probe  
  19  1:15  Probe  
  20  1:25  Cybernetics Core  
  20  1:34  Nexus  
  20  1:39  Probe  
  21  1:45  Pylon  
  21  1:51  Probe  
  21  1:53  Adept, Assimilator  
  22  2:03  Probe  
  22  2:06  Warp Gate  
  25  2:15  Probe  
  26  2:23  Sentry  
  26  2:25  Probe  
  28  2:33  Probe  
  28  2:41  Probe, Twilight Council  
  29  2:48  Probe  
  31  2:55  Stalker  
  31  2:56  Probe x2  
  31  2:58  Phoenix  
  34  3:00  Blink  
  34  3:04  Probe  
  33  3:08  Probe  
  33  3:11  Gateway  
  35  3:17  Probe, Pylon  
  36  3:20  Probe  
  36  3:25  Probe  
  37  3:28  Stalker  
  37  3:32  Probe  
  37  3:33  Probe  
  41  3:36  Pylon  
  42  3:43  Probe  
  42  3:44  Probe  
  44  3:50  Assimilator  
  44  3:54  Robotics Facility  
  44  3:55  Probe  
  45  3:56  Probe  
  46  4:06  Nexus  
  46  4:08  Probe  
  47  4:11  Pylon  
  47  4:17  Stalker  
  47  4:19  Stalker  
  47  4:23  Pylon  
  47  4:24  Probe x2  
  53  4:36  Probe  
  53  4:37  Probe  
  55  4:41  Phoenix  
  55  4:42  Stalker x2  
  55  4:44  Observer  
  60  4:46  Pylon  
  60  4:48  Probe  
  60  4:49  Probe  
  62  5:00  Probe  
  62  5:03  Probe  
  62  5:04  Forge x2  
  63  5:11  Charge  
  63  5:12  Probe  
  63  5:14  Observer  
  65  5:15  Probe  
  65  5:16  Protoss Ground Weapons Level 1  
  65  5:19  Sentry  
  68  5:24  Probe x2  
  68  5:25  Gateway x2  
  68  5:27  Probe  
  71  5:28  Gateway  
  71  5:31  Protoss Ground Armor Level 1  
  71  5:34  Immortal  
  71  5:36  Probe x2  
  71  5:39  Probe  
  74  5:47  Gateway  
  74  5:48  Probe x2  
  80  5:51  Probe  
  80  5:52  Gateway  
  81  5:59  Sentry  
  81  6:02  Pylon  
  81  6:03  Pylon  
  83  6:07  Probe  
  84  6:12  Immortal, Probe x2  
  84  6:14  Zealot  
  92  6:23  Probe, Pylon  
  92  6:24  Probe  
  92  6:25  Assimilator  
  94  6:27  Shield Battery, Assimilator  
  94  6:29  Zealot x4  
  94  6:32  Probe  
  102  6:36  Pylon  
  102  6:44  Probe x2, Templar Archives  
  102  6:46  Assimilator  
  104  6:49  Stalker  
  104  6:50  Stalker  
  104  6:52  Warp Prism  
  110  6:54  Zealot  
  110  6:57  Pylon  
  112  7:02  Nexus  
  112  7:11  Zealot x4  
  120  7:15  Gateway  
  120  7:18  Zealot x2  
  124  7:23  Zealot  
  124  7:27  Shield Battery  
  126  7:30  Pylon  
  126  7:32  Pylon  
  126  7:37  Zealot x3  
  126  7:40  Zealot  
  126  7:42  Pylon  
  120  7:51  Zealot x3  
  123  8:01  Zealot x4  
  119  8:20  Pylon  
  119  8:22  Pylon  
  83  8:28  Zealot x4  
  83  8:29  Zealot x2  
Show
View Real Time Build Order
Export as new Build Order

llllllllllll Terran - Winner!

Build Orders: Reaper Expand 

Get SALT Encoding   

  12  0:00  SCV  
  13  0:12  SCV  
  14  0:17  Supply Depot  
  14  0:25  SCV  
  15  0:39  SCV  
  15  0:40  Barracks  
  16  0:46  Refinery  
  16  0:51  SCV  
  17  1:03  SCV  
  18  1:15  SCV  
  19  1:28  Orbital Command  
  19  1:29  Reaper  
  20  1:39  Command Center  
  20  1:47  Supply Depot  
  20  1:54  SCV  
  21  2:01  Barracks Reactor  
  21  2:06  Refinery, SCV  
  22  2:13  Bunker  
  22  2:18  SCV  
  23  2:25  Factory  
  23  2:31  SCV  
  24  2:37  Marine  
  24  2:38  Marine  
  24  2:43  SCV  
  27  2:55  Marine x2  
  29  3:02  Orbital Command  
  29  3:05  SCV  
  30  3:08  Starport, Orbital Command  
  30  3:09  Widow Mine  
  32  3:13  Marine x2  
  32  3:17  SCV  
  35  3:31  Widow Mine, SCV  
  38  3:34  Marine x2  
  38  3:35  SCV  
  38  3:38  Supply Depot  
  41  3:44  SCV  
  41  3:46  Medivac  
  41  3:48  SCV  
  45  3:52  Marine, Factory Tech Lab  
  46  3:58  Supply Depot  
  46  3:59  Marine  
  46  4:00  SCV x2  
  49  4:04  Barracks  
  49  4:07  Refinery  
  49  4:09  Marine  
  49  4:12  SCV  
  49  4:14  SCV  
  52  4:17  Marine  
  52  4:18  Supply Depot  
  52  4:20  Factory Tech Lab  
  52  4:24  SCV  
  54  4:26  SCV  
  54  4:28  Raven  
  57  4:34  Engineering Bay  
  57  4:35  Marine x2  
  57  4:36  SCV  
  60  4:38  SCV  
  60  4:44  Siege Tank  
  64  4:47  Supply Depot  
  64  4:48  SCV  
  65  4:53  SCV  
  65  4:57  Barracks, Barracks Tech Lab  
  64  5:00  Marine x2, SCV  
  64  5:02  Terran Infantry Weapons Level 1  
  64  5:05  SCV  
  68  5:12  Supply Depot, SCV  
  67  5:16  Stimpack  
  67  5:17  Siege Tank  
  67  5:18  Marine x2  
  67  5:20  SCV  
  73  5:22  Refinery  
  73  5:25  Marauder  
  74  5:29  SCV  
  74  5:33  Starport Reactor  
  74  5:35  Supply Depot, SCV  
  76  5:37  Marine x2  
  78  5:46  Supply Depot, Marauder  
  78  5:49  Siege Tank  
  83  5:52  Combat Shield  
  83  5:53  Marauder  
  83  5:54  Marine  
  83  5:56  Marine  
  87  5:57  Supply Depot  
  87  5:59  Supply Depot  
  87  6:01  SCV  
  87  6:02  SCV  
  89  6:07  Marauder  
  91  6:12  Medivac x2  
  91  6:14  Marine  
  91  6:15  Marine, Marauder  
  99  6:27  Siege Tank  
  99  6:30  Supply Depot  
  99  6:31  Marauder  
  99  6:32  Supply Depot  
  104  6:33  Marine x2  
  104  6:36  Marauder  
  108  6:45  SCV x2  
  108  6:46  Medivac  
  112  6:51  Marine x2  
  112  6:52  Marauder  
  116  6:58  Marauder  
  118  7:02  Siege Tank  
  121  7:09  Marine  
  121  7:14  Medivac, Marauder  
  121  7:15  SCV x2  
  128  7:16  Marine  
  128  7:17  Supply Depot, Concussive Shells  
  128  7:19  Marine  
  130  7:36  Marine x2  
  134  7:37  Marauder  
  128  8:00  Marine x2, Marauder  
  128  8:02  Marine  
  128  8:03  SCV x2  
  134  8:15  SCV  
Tags
 
Add a new tag
Caveats
  • Supply blocks, unpowered buildings, or Contaminate may cause inaccurate times.
  • Supply counts are checked every 10 seconds.